 Dungeon Crawl Stone Soup version 0.18.1-6-gd335043 (webtiles) character file.

4 Gorice the Slasher (level 1, 0/16 HPs)
             Began as a Demonspawn Gladiator on May 15, 2016.
             Succumbed to a goblin's poison
             ... on level 1 of the Dungeon.
             The game lasted 00:00:41 (81 turns).

Gorice the Slasher (Demonspawn Gladiator)             Turns: 81, Time: 00:00:42

Health: 0/16       AC:  4    Str: 15    XL:     1   Next: 50%
Magic:  1/1        EV: 12    Int:  9    God:
Gold:   14         SH:  0    Dex: 13    Spells: 0 memorised, 0 levels left

rFire  . . .     SeeInvis .     a - +0 long sword
rCold  . . .     Gourm    .     b - +0 leather armour
rNeg   . . .     Faith    .     (no shield)
rPois  .         Spirit   .     c - +0 helmet
rElec  .         Dismiss  .     (no cloak)
rCorr  .         Reflect  .     (no gloves)
SustAt .         Harm     .     (no boots)
MR     .....                    (no amulet)
Stlth  +.........               (no ring)
                                (no ring)

@: lethally poisoned (0 -> -19), not resistant to hostile enchantments, very
unstealthy
A: no striking features
a: no special abilities


You were on level 1 of the Dungeon.
You were not hungry.

You visited 1 branch of the dungeon, and saw 1 of its levels.

You collected 14 gold pieces.

Inventory:

Hand Weapons
 a - a +0 long sword (weapon)
 e - a +0 dagger of venom
   (You took it off a goblin on level 1 of the Dungeon)
Missiles
 Y - 3 throwing nets (quivered)
Armour
 b - a +0 leather armour (worn)
 c - a +0 helmet (worn)
Jewellery
 d - an uncursed ring of wizardry
Comestibles
 f - a bread ration {!e}


   Skills:
 - Level 2.0 Fighting
 * Level 3.0 Long Blades
 - Level 1.7 Throwing
 - Level 2.6 Dodging


You couldn't memorise any spells.
You didn't know any spells.

Dungeon Overview and Level Annotations

Branches:
Dungeon (1/15)

Altars:


Message History

The goblin is severely wounded.
The goblin closely misses you. The goblin hits you but does no damage.
The goblin barely misses you.
You closely miss the goblin.
The goblin is severely wounded.
The goblin closely misses you. x2
You closely miss the goblin.
The goblin is severely wounded.
The goblin hits you with a dagger of venom.
The goblin hits you.
Damage: 6 (max 6)
You barely miss the goblin.
The goblin is severely wounded.
The goblin hits you but does no damage.
You are poisoned.
The goblin misses you. The goblin barely misses you.
You slash the goblin!
You kill the goblin!
You feel sick.
The goblin hits you with a dagger of venom.
* * * LOW HITPOINT WARNING * * *
You are more poisoned.
Damage: 3 (max 6)
* * * LOW HITPOINT WARNING * * *
You feel sick. The goblin hits you but does no damage.
You are more poisoned.
There is an open door here.
Damage: 1 (max 6)
* * * LOW HITPOINT WARNING * * *
You feel sick.
Damage: 2 (max 6)
You slash the goblin!
You kill the goblin!
Your Long Blades skill increases to level 3!
* * * LOW HITPOINT WARNING * * *
You feel sick.
Damage: 1 (max 6) Unknown command.
You aren't carrying any potions.
* * * LOW HITPOINT WARNING * * *
You feel sick.
There is an open door here.
You see here a dagger of venom.
Damage: 1 (max 6) Unknown command.
e - a dagger of venom
* * * LOW HITPOINT WARNING * * *
You feel sick.
Damage: 1 (max 6)
You die...

....... ..g....
....... .......
...?... ##+######.
....... #.........
.......#####.........
.......'.@##.........
.......##'##.........
.###........#'######
#........#.#
#........#+#####
######+##......##
###.##........
#.............
#...##........


There were no monsters in sight!

Vanquished Creatures
  A bat (D:1)
  2 goblins (D:1)
3 creatures vanquished.

Notes
Turn   | Place    | Note
--------------------------------------------------------------
     0 | D:1      | Gorice the Demonspawn Gladiator began the quest for the Orb.
     0 | D:1      | Reached XP level 1. HP: 16/16 MP: 1/1
    77 | D:1      | HP: 4/16 [poisoned by a goblin]
    78 | D:1      | Reached skill level 3 in Long Blades
    80 | D:1      | HP: 1/16 [poisoned by a goblin]
    81 | D:1      | Succumbed to a goblin's poison

Skill      XL: |  1 |
---------------+----+-----
Long Blades    | 3 |  3.0
Fighting       | |  2.0
Throwing       | |  1.7
Dodging        | |  2.6

Action                   || total
-------------------------++-------
Melee: Long sword        ||     9
Armor: Leather armour    ||     1
Dodge: Dodged            ||     8

Table legend:
 A = Turns spent in this place as a percentage of turns spent in the entire game.
 B = Non-inter-level travel turns spent in this place as a percentage of non-inter-level travel turns spent in the entire game.
 C = Inter-level travel turns spent in this place as a percentage of turns spent in this place.
 D = Turns resting spent in this place as a percentage of non-inter-level travel turns spent in this place.
 E = Turns spent auto-exploring this place as a percentage of non-inter-level travel turns spent in this place.
 F = Non-inter-level travel turns spent in this place divided by the number of levels of this place that you've seen.
                   A       B       C       D       E      F
               +-------+-------+-------+-------+-------+----------------------
         Total | 100.0 | 100.0 |   0.0 |   0.0 |   6.2 |  48.0
       Dungeon | 100.0 | 100.0 |   0.0 |   0.0 |   6.2 |  48.0
               +-------+-------+-------+-------+-------+----------------------

Vault maps used:
D:1:      dpeg_arrival_chase, grunt_decor_arrowhead, minmay_quantized
